[Event "Team 45 45 League T51"]
[Site "Internet Chess Club"]
[Date "2011.11.12"]
[Round "1"]
[White "tcianciola"]
[Black "jjaillet2007"]
[Result "0-1"]
[WhiteElo "1208"]
[BlackElo "1337"]
[Opening "Queen's gambit declined"]
[ECO "D30"]
[Time "09:48:05"]
[TimeControl "2700+45"]

1. d4 d5 2. c4 e6 3. Nf3 c5 4. cxd5 exd5 5. Bg5 Be7 6. Bxe7 Qxe7 7. e3 Bg4 8.
Be2 Nc6 9. O-O Nf6 10. Nc3 O-O 11. Re1 Rfe8 12. Qb3 cxd4 13. exd4 Qb4 14. Qxb4
Nxb4 15. Rac1 Bxf3 16. Bxf3 Nd3 17. Rxe8+ Rxe8 18. Rb1 Nxb2 19. Nxd5 Nxd5 20.
Bxd5 b6 21. h3 Nd3 22. Rd1 Re1+ 23. Rxe1 Nxe1 24. Bb3 Nd3 25. d5 Kf8 26. Kf1 Ke7
27. Ke2 Nc1+ 28. Ke3 Nxb3 29. axb3 Kd6 30. Kd4 a5 31. Kc4 f5 32. f4 h6 33. Kb5
g5 34. fxg5 hxg5 35. g3 f4 36. gxf4 gxf4 37. Kc4 b5+ {White resigns} 0-1

[Event "Team 45 45 League T51"]
[Site "Internet Chess Club"]
[Date "2011.11.10"]
[Round "1"]
[White "BrerRabbit"]
[Black "oldprez"]
[Result "1-0"]
[WhiteElo "1511"]
[BlackElo "1475"]
[Opening "English, 1...Nf6 (Anglo-Indian defense)"]
[ECO "A15"]
[Time "10:47:13"]
[TimeControl "2700+45"]

1. c4 Nf6 2. g3 g6 3. Bg2 Bg7 4. Nc3 O-O 5. e4 d6 6. Nge2 Nbd7 7. O-O c5 8. d4
cxd4 9. Nxd4 Ne5 10. Qe2 Rb8 11. h3 a6 12. Be3 Bd7 13. Rfd1 Qc8 14. Kh2 Nxc4 15.
Rac1 Nxe3 16. Qxe3 e5 17. Nde2 Qc5 18. Qxc5 dxc5 19. Nd5 Nxd5 20. Rxd5 Bb5 21.
Nc3 b6 22. Nxb5 axb5 23. Rcd1 b4 24. Bf1 Ra8 25. Bc4 Rfe8 26. Rd6 Rab8 27. Rd7
Rf8 28. R1d6 b5 29. Bd5 c4 30. Rc6 Rbc8 31. Rcc7 Rxc7 32. Rxc7 Bh6 33. Rb7 c3
34. bxc3 bxc3 35. Bb3 Bd2 36. Rxb5 Rc8 37. Bc2 f5 38. Rxe5 Rb8 39. Rc5 Rb2 40.
Bb3+ Kg7 41. Rc7+ Kf6 42. exf5 Kxf5 43. Rc4 Be1 44. Rf4+ Ke5 45. Rf3 Bxf2 46.
Rxc3 Be1+ 47. Rc2 Rb1 48. Kg2 Ke4 49. Rc7 Rb2+ 50. Rc2 Rb1 51. Rc7 h6 52. Bc2+
{Black resigns} 1-0

[Event "Team 45 45 League T51"]
[Site "Internet Chess Club"]
[Date "2011.11.12"]
[Round "1"]
[White "Virtuose"]
[Black "radiohead"]
[Result "1-0"]
[WhiteElo "1284"]
[BlackElo "1405"]
[Opening "Sicilian: Smith-Morra gambit"]
[ECO "B21"]
[Time "07:39:14"]
[TimeControl "2700+45"]

1. e4 c5 2. d4 cxd4 3. Qxd4 Nc6 4. Qe3 d6 5. h3 Nf6 6. Bb5 e5 7. Nc3 Be6 8. Nf3
h6 9. Bd2 Be7 10. O-O-O O-O 11. g4 a6 12. Bxc6 bxc6 13. g5 hxg5 14. Nxg5 Qd7 15.
Na4 Bd8 16. Bc3 Qe7 17. Nxe6 Qxe6 18. b3 Bc7 19. h4 c5 20. h5 c4 21. Rdg1 Ng4
22. Qg5 f5 23. exf5 Qxf5 24. Qxg4 Qxg4 25. Rxg4 Kf7 26. Rxc4 Bd8 27. Rg1 Ke6 28.
Rxg7 Rxf2 29. h6 Rh2 30. Bd2 Bf6 31. Rg6 Rh1+ 32. Kb2 Kf7 33. Rcg4 e4+ 34. Bc3
{Black resigns} 1-0

[Event "Team 45 45 League T51"]
[Site "Internet Chess Club"]
[Date "2011.11.13"]
[Round "1"]
[White "cys456"]
[Black "Tjet"]
[Result "1-0"]
[WhiteElo "1607"]
[BlackElo "1425"]
[Opening "English opening"]
[ECO "A10"]
[Time "18:13:37"]
[TimeControl "2700+45"]

1. c4 g6 2. Nc3 Bg7 3. g3 d6 4. Bg2 Nf6 5. Nf3 e5 6. d3 O-O 7. O-O c5 8. Bg5 Nc6
9. Nd5 Be6 10. e4 Bxd5 11. cxd5 Nd4 12. Nxd4 cxd4 13. f4 Qd7 14. fxe5 Ne8 15.
exd6 Qxd6 16. Bf4 Be5 17. Rc1 Bxf4 18. gxf4 Ng7 19. Qa4 Nh5 20. e5 Qb6 21. f5
Rac8 22. Rc4 Rxc4 23. Qxc4 Qxb2 24. e6 Qc3 25. Qxc3 dxc3 26. e7 Rc8 27. d6 c2
28. d7 c1=Q 29. e8=Q+ Rxe8 30. dxe8=Q+ Kg7 31. Rxc1 {Black resigns} 1-0

[Event "Team 45 45 League T51"]
[Site "Internet Chess Club"]
[Date "2011.11.12"]
[Round "1"]
[White "cmarler"]
[Black "chesschessboy"]
[Result "1-0"]
[WhiteElo "1459"]
[BlackElo "1303"]
[Opening "QGD: Ragozin variation"]
[ECO "D38"]
[Time "16:02:59"]
[TimeControl "2700+45"]

1. d4 d5 2. c4 e6 3. Nf3 Nf6 4. Nc3 Bb4 5. e3 c5 6. Bd3 Nc6 7. O-O cxd4 8. exd4
Bxc3 9. bxc3 O-O 10. cxd5 exd5 11. h3 Be6 12. Bg5 h6 13. Bh4 Rc8 14. Ne5 Re8 15.
Bb5 a6 16. Nxc6 bxc6 17. Bxa6 Ra8 18. Bb7 Ra3 19. Bxc6 Rf8 20. Qf3 Qb6 21. Bxf6
Qxc6 22. Qg3 g5 23. Qe5 Kh7 24. Be7 f6 25. Qd6 Qxd6 26. Bxd6 Raa8 27. Bxf8 Rxf8
28. Rab1 Kg6 29. Rfe1 Bf5 30. Rb5 Rd8 31. g4 Be4 32. Re3 Bc2 33. Rb7 Ba4 34.
Ree7 Rg8 35. Kf1 Bc6 36. Ra7 Bb5+ 37. Ke1 Bd3 38. Kd2 Be4 39. Rxe4 dxe4 40. Ke3
Re8 41. c4 Rc8 42. c5 Re8 43. d5 Re5 44. Rd7 h5 45. gxh5+ Kxh5 46. c6 Kg6 47. c7
Re8 48. Rd8 Rxd8 49. cxd8=Q Kf5 50. Qd7+ Ke5 51. Qe6# {Black checkmated} 1-0

[Event "Team 45 45 League T51"]
[Site "Internet Chess Club"]
[Date "2011.11.13"]
[Round "1"]
[White "iceface"]
[Black "dpmdpm"]
[Result "1-0"]
[WhiteElo "1542"]
[BlackElo "1512"]
[Opening "Sicilian"]
[ECO "B50"]
[Time "16:02:02"]
[TimeControl "2700+45"]

1. e4 c5 2. Nf3 d6 3. Bc4 e6 4. Nc3 Nf6 5. d3 a6 6. a3 b5 7. Ba2 Be7 8. O-O O-O
9. Ne2 Nc6 10. h3 Qc7 11. Ng3 h6 12. Re1 Bb7 13. c3 Rfd8 14. Qe2 Ne5 15. Nxe5
dxe5 16. Be3 Rd7 17. Red1 Rad8 18. Rac1 Qc6 19. c4 bxc4 20. Bxc4 a5 21. Bd2 a4
22. Ba5 Ra8 23. Bc3 Bd6 24. Nf1 Ba6 25. Nd2 Rdd8 26. Bxa6 Qxa6 27. Nc4 Nd7 28.
Qg4 Bc7 29. Re1 f6 30. Bd2 Kh8 31. Qh5 Nf8 32. Re3 Nh7 33. Rg3 Rg8 34. Be3 Bb6
35. Nd6 Nf8 36. Nf7+ Kh7 37. Bxh6 g6 38. Qh4 Nd7 39. Bf8# {Black checkmated} 1-0

[Event "Team 45 45 League T51"]
[Site "Internet Chess Club"]
[Date "2011.11.15"]
[Round "1"]
[White "SirIvanhoe"]
[Black "mongmong"]
[Result "1/2-1/2"]
[WhiteElo "1520"]
[BlackElo "1570"]
[Opening "French: King's Indian attack"]
[ECO "C00"]
[Time "10:02:57"]
[TimeControl "2700+45"]

1. e4 e6 2. d3 d5 3. Nd2 Nf6 4. Ngf3 c5 5. g3 Nc6 6. Bg2 g6 7. O-O Bg7 8. Re1
O-O 9. c3 b6 10. e5 Nd7 11. d4 f6 12. exf6 Qxf6 13. dxc5 Nxc5 14. Nb3 Ne4 15.
Rf1 Ba6 16. Re1 Rad8 17. Nbd4 Nxd4 18. Qxd4 Qxd4 19. Nxd4 Bxd4 20. cxd4 Nxf2 21.
Rxe6 Bc8 22. Re2 Nh3+ 23. Bxh3 Bxh3 24. Rf2 Rxf2 25. Kxf2 Rf8+ 26. Ke3 Rf1 27.
b3 Rh1 28. Bb2 Rxh2 29. Ba3 Rc2 30. Bd6 a6 31. b4 b5 32. a4 Bd7 33. axb5 Bxb5
34. Kf4 Rc4 35. Ke5 Rc3 36. Kxd5 Bc4+ {Game drawn by mutual agreement} 1/2-1/2

[Event "Team 45 45 League T51"]
[Site "Internet Chess Club"]
[Date "2011.11.13"]
[Round "1"]
[White "seattleblues"]
[Black "LeanSixSigma"]
[Result "1-0"]
[WhiteElo "1489"]
[BlackElo "1428"]
[Opening "Sicilian: Alapin's variation (2.c3)"]
[ECO "B22"]
[Time "21:00:06"]
[TimeControl "2700+45"]

1. e4 c5 2. c3 g6 3. d4 cxd4 4. cxd4 d5 5. e5 Bg7 6. Nf3 Nc6 7. Bb5 Qa5+ 8. Nc3
a6 9. Ba4 b5 10. Bb3 e6 11. O-O Nge7 12. Ne2 Qb6 13. Be3 Nf5 14. Rc1 Nxe3 15.
fxe3 Bh6 16. Nf4 Ne7 17. Bc2 Nf5 18. Bxf5 exf5 19. Nxd5 Qa7 20. Nc7+ Kf8 21.
Nxa8 Bxe3+ 22. Kh1 Bxc1 23. Qxc1 Qxa8 24. Qc5+ Kg7 25. Qe7 Qc6 26. Ng5 Bd7 27.
Qxf7+ Kh6 28. Qe7 Be8 29. Ne6 Qd7 30. Qh4# {Black checkmated} 1-0

[Event "Team 45 45 League T51"]
[Site "Internet Chess Club"]
[Date "2011.11.11"]
[Round "1"]
[White "drsigmund1"]
[Black "MichaelJames"]
[Result "0-1"]
[WhiteElo "1392"]
[BlackElo "1344"]
[Opening "Scotch: Potter variation"]
[ECO "C45"]
[Time "15:00:31"]
[TimeControl "2700+45"]

1. e4 e5 2. Nf3 Nc6 3. d4 exd4 4. Nxd4 Bc5 5. Nb3 Bb6 6. Bc4 Qh4 7. O-O d6 8.
Nc3 Bg4 9. Be2 Bxe2 10. Qxe2 O-O-O 11. a4 a5 12. Be3 Bxe3 13. Qxe3 Nf6 14. Nd4
Ng4 15. Nf3 Nxe3 16. Nxh4 Nxf1 17. Kxf1 Nb4 18. Rc1 d5 19. Nf5 dxe4 20. Nxe4
Rhe8 21. f3 g6 22. Nfg3 f5 23. Nf6 Re7 24. h4 Rd2 25. h5 Rxc2 26. Rxc2 Nxc2 27.
hxg6 hxg6 28. Ne2 c6 29. g4 fxg4 30. Nxg4 Ne3+ 31. Kf2 Nxg4+ 32. fxg4 b5 33.
axb5 cxb5 34. Nc3 b4 35. Nd5 Re4 36. Kf3 Rd4 37. Ne7+ Kd7 38. Nxg6 Rd2 39. b3
Rb2 40. Ne5+ Ke6 41. Nc4 Rxb3+ 42. Kf4 a4 43. g5 a3 44. g6 Rb1 45. Nd2 Rg1 46.
Nb3 a2 47. g7 Rxg7 48. Ke3 Rg1 49. Kd2 a1=Q 50. Nxa1 Rxa1 51. Kc2 Ra3 52. Kb2
Kd5 53. Kb1 Kd4 54. Kb2 Kd3 55. Kb1 Kc3 56. Kc1 Ra1# {White checkmated} 0-1

[Event "Team 45 45 League T51"]
[Site "Internet Chess Club"]
[Date "2011.11.12"]
[Round "1"]
[White "Conjurer"]
[Black "lawth3"]
[Result "1-0"]
[WhiteElo "1372"]
[BlackElo "1149"]
[Opening "English: symmetrical, Botvinnik system reversed"]
[ECO "A37"]
[Time "12:03:10"]
[TimeControl "2700+45"]

1. c4 c5 2. Nc3 g6 3. g3 Bg7 4. Bg2 Nc6 5. Nf3 e5 6. O-O Nge7 7. Ne4 d6 8. d3
O-O 9. Bd2 Bg4 10. h3 Bf5 11. Rb1 a5 12. a3 Qd7 13. g4 Bxe4 14. dxe4 Rfb8 15.
Qc2 b6 16. b3 Ra6 17. Rb2 b5 18. b4 Qa7 19. Rfb1 f5 20. bxc5 b4 21. cxd6 bxa3
22. Ra2 fxe4 23. Qxe4 Rxb1+ 24. Qxb1 Nc8 25. Rxa3 Nxd6 26. c5 Ne4 27. Qxe4 Qxc5
28. Rc3 Qb5 29. Qc4+ Qxc4 30. Rxc4 a4 31. Rc2 a3 32. Ra2 e4 33. Ng5 Bh6 34. Nxe4
Bg7 35. Bc1 Nd4 36. Bxa3 Nc2 37. Rxc2 Rxa3 38. Nd6 Ra1+ 39. Bf1 Be5 40. Ne4 Kg7
41. Rc5 Bf4 42. e3 Bb8 43. Kg2 Ra4 44. Rc4 Rxc4 45. Bxc4 h6 46. h4 Ba7 47. Ng3
Kf6 48. e4 Ke5 49. Bd5 Kf4 50. f3 Bc5 51. h5 g5 52. Ne2+ Ke3 53. Ng3 Bf8 54.
Nf5+ Kf4 55. Kf2 Bc5+ 56. Ke2 Bf8 57. Kd3 Kxf3 58. Ne3 Bc5 59. e5+ Kf4 60. e6
Ke5 61. Kc4 Be7 62. Nf5 Bf6 63. Nxh6 Kf4 64. Ng8 Ke5 65. Nxf6 Kxf6 66. h6 Kg6
67. e7 Kf6 68. h7 Kg7 69. e8=Q Kxh7 70. Be4+ Kg7 71. Qg6+ Kf8 72. Qh7 Ke8 73.
Bc6+ Kf8 74. Qd7 Kg8 75. Qf5 Kg7 76. Kd5 Kh6 77. Ke6 Kg7 78. Qxg5+ Kh8 79. Kf6
Kh7 80. Qg7# {Black checkmated} 1-0

[Event "Team 45 45 League T51"]
[Site "Internet Chess Club"]
[Date "2011.11.12"]
[Round "1"]
[White "otib2006"]
[Black "chicopee-ed"]
[Result "0-1"]
[WhiteElo "1248"]
[BlackElo "1359"]
[Opening "King's pawn opening"]
[ECO "B07"]
[Time "12:00:36"]
[TimeControl "2700+45"]

1. e4 d6 2. Bc4 e6 3. Nf3 d5 4. exd5 exd5 5. Be2 Nf6 6. O-O Bd6 7. d4 h6 8. Nc3
c6 9. a3 Bf5 10. b4 O-O 11. Nh4 Bh7 12. Nf3 Nbd7 13. Re1 Re8 14. b5 Qc7 15. a4
Ne4 16. Ba3 Nxc3 17. Bxd6 Qxd6 18. Qd2 Nxe2+ 19. Rxe2 Rxe2 20. Qxe2 Be4 21. c4
Re8 22. c5 Qf6 23. a5 Kf8 24. a6 Bxf3 25. Qd3 Be4 26. Qc3 Qg6 27. Qg3 Qxg3 28.
hxg3 cxb5 29. axb7 Nb8 30. Rxa7 Bf5 31. Ra5 Bd7 32. f4 Bc6 33. Kf2 b4 34. Ra1
Re7 35. g4 Rxb7 36. g5 hxg5 37. f5 b3 38. Ke2 b2 39. Rb1 Nd7 40. Kd2 Nf6 41. Kc2
Ne4 42. Rxb2 Rxb2+ 43. Kxb2 Ng3 44. Kc3 Nxf5 45. g4 Ne7 46. Kb4 g6 47. Ka5 f5
48. gxf5 gxf5 49. Kb6 f4 50. Kc7 f3 51. Kd6 f2 {White resigns} 0-1

[Event "Team 45 45 League T51"]
[Site "Internet Chess Club"]
[Date "2011.11.12"]
[Round "1"]
[White "Check101"]
[Black "dpmdpm"]
[Result "1-0"]
[WhiteElo "1300"]
[BlackElo "1508"]
[Opening "Sicilian: Alapin's variation (2.c3)"]
[ECO "B22"]
[Time "13:04:50"]
[TimeControl "2700+45"]

1. e4 c5 2. c3 d5 3. exd5 Qxd5 4. d4 Nc6 5. Nf3 Bg4 6. Be2 cxd4 7. O-O Nf6 8.
cxd4 e6 9. Nc3 Qa5 10. Bf4 Be7 11. Ne5 Bxe2 12. Nxe2 Nxe5 13. Bxe5 O-O 14. Ng3
Rac8 15. Qb3 Qd5 16. Qd3 Rfd8 17. f4 Nd7 18. Ne2 f6 19. Nc3 Qc4 20. Qf3 fxe5 21.
fxe5 Qxd4+ 22. Kh1 b6 23. Qf7+ Kh8 24. Qxe7 Rf8 25. Qxe6 Nxe5 26. Rf5 Rce8 27.
Raf1 Nd7 28. Qxd7 Kg8 29. Rxf8+ Rxf8 30. Qe6+ {Black resigns} 1-0

[Event "Team 45 45 League T51"]
[Site "Internet Chess Club"]
[Date "2011.11.11"]
[Round "1"]
[White "malihini"]
[Black "Aquaman"]
[Result "1-0"]
[WhiteElo "1219"]
[BlackElo "1257"]
[Opening "QP counter-gambit (elephant gambit)"]
[ECO "C40"]
[Time "20:00:33"]
[TimeControl "2700+45"]

1. e4 e5 2. Nf3 d5 3. d3 dxe4 4. dxe4 Qxd1+ 5. Kxd1 Nc6 6. Bb5 Bd7 7. Nc3 O-O-O
8. Be3 f6 9. Ke2 a6 10. Ba4 Nb4 11. Bb3 Bd6 12. a3 Nc6 13. Rhd1 Nge7 14. Nd5 h6
15. c4 Ng6 16. Ba2 f5 17. exf5 Bxf5 18. Bb1 Bxb1 19. Raxb1 Rhe8 20. g3 Na5 21.
Nd2 Nc6 22. Nf3 Nb8 23. b4 Nd7 24. c5 Bf8 25. Nd2 c6 26. Nc3 Ne7 27. Nde4 Nf5
28. g4 Nxe3 29. Kxe3 Kc7 30. Nd6 Re6 31. Nce4 Nf6 32. Nc4 Nxg4+ 33. Kf3 Nf6 34.
Rxd8 Kxd8 35. Rd1+ Kc7 36. Nxf6 gxf6 37. Nb6 Be7 38. Ke4 f5+ 39. Kxf5 Rf6+ 40.
Kxe5 Rf7 41. Rd7+ Kb8 42. Ke6 Rxf2 43. Kxe7 a5 44. Rd8+ {Black resigns} 1-0

[Event "Team 45 45 League T51"]
[Site "Internet Chess Club"]
[Date "2011.11.10"]
[Round "1"]
[White "Docvan"]
[Black "semperfi"]
[Result "0-1"]
[WhiteElo "1187"]
[BlackElo "1264"]
[Opening "French: Fort Knox variation"]
[ECO "C03"]
[Time "20:00:30"]
[TimeControl "2700+45"]

1. e4 e6 2. d4 d5 3. Nd2 dxe4 4. Nxe4 Bd7 5. Nf3 Bc6 6. Ng3 Bd6 7. Bd3 b6 8. Be3
Nf6 9. c3 h6 10. O-O Bxg3 11. fxg3 O-O 12. Qc2 Nbd7 13. Ne5 Bb7 14. g4 g5 15. h4
Nxe5 16. dxe5 Nxg4 17. Bh7+ Kg7 18. Rxf7+ Rxf7 19. Qg6+ Kf8 20. Qg8+ Ke7 21.
Qxd8+ Rxd8 22. Bg6 Rff8 23. Bd4 c5 24. Bh5 cxd4 25. Bxg4 d3 26. h5 Rf4 27. Bd1
Rd5 28. Bb3 Rxe5 29. c4 Rh4 {White resigns} 0-1

[Event "Team 45 45 League T51"]
[Site "Internet Chess Club"]
[Date "2011.11.11"]
[Round "1"]
[White "papricka205"]
[Black "mrmarck"]
[Result "1/2-1/2"]
[WhiteElo "1427"]
[BlackElo "1313"]
[Opening "Scandinavian (center counter) defense"]
[ECO "B01"]
[Time "10:02:07"]
[TimeControl "2700+45"]

1. e4 d5 2. exd5 Qxd5 3. Nc3 Qa5 4. Nf3 Nf6 5. d4 c6 6. Bc4 e6 7. O-O Be7 8. Bf4
O-O 9. Ne5 Qd8 10. Qd2 Nbd7 11. Rad1 Nd5 12. Nxd5 cxd5 13. Bb5 Nf6 14. Qd3 a6
15. Ba4 b5 16. Bb3 Bb7 17. a4 b4 18. c3 a5 19. c4 dxc4 20. Bxc4 Rc8 21. b3 Bd5
22. Rc1 Be4 23. Qe3 Bd5 24. h3 Qb6 25. Rfd1 Qb7 26. f3 Rc7 27. Nxf7 Rxf7 28.
Bxc7 Qxc7 29. Bxd5 Nxd5 30. Qxe6 Nf4 31. Rxc7 Nxe6 32. Ra7 Nxd4 33. Rxa5 Nxb3
34. Rb5 h6 35. a5 Rf6 36. Kf1 Ra6 37. Rd7 Kf7 38. Rdd5 Kf8 39. Ke1 Rc6 40. Rf5+
Kg8 41. Rb8+ Kh7 42. Rb7 Bd8 43. Rff7 Rc1+ 44. Ke2 Rc2+ 45. Kf1 Rc1+ 46. Ke2
Rc2+ 47. Kf1 Rc1+ 48. Kf2 Rc2+ 49. Kg3 Bh4+ 50. Kxh4 Rxg2 51. Rxb4 Nxa5 52. Rg4
Rxg4+ 53. hxg4 Nc6 54. g5 Kg6 55. Rc7 Ne5 56. f4 Nf7 57. gxh6 Nxh6 58. Rc5 Nf5+
59. Kg4 Nh6+ 60. Kf3 Nf5 61. Rxf5 Kxf5 62. Kg3 g6 63. Kf3 g5 64. fxg5 Kxg5 {Game
drawn because neither player has mating material} 1/2-1/2

[Event "Team 45 45 League T51"]
[Site "Internet Chess Club"]
[Date "2011.11.10"]
[Round "1"]
[White "jjaillet2007"]
[Black "Goldenberg"]
[Result "1/2-1/2"]
[WhiteElo "1326"]
[BlackElo "1440"]
[Opening "QGD: exchange, positional line"]
[ECO "D35"]
[Time "22:00:05"]
[TimeControl "2700+45"]

1. d4 d5 2. c4 e6 3. Nc3 Nf6 4. cxd5 exd5 5. Bg5 Bb4 6. e3 Nc6 7. Nf3 Bg4 8. h3
Bf5 9. a3 Bxc3+ 10. bxc3 h6 11. Bh4 g5 12. Bg3 Ne4 13. Rc1 Nxg3 14. fxg3 Qd6 15.
Ne5 Nxe5 16. dxe5 Qxe5 17. Qf3 Be4 18. Qf2 Rf8 19. h4 O-O-O 20. hxg5 Qxg5 21.
Qf4 Qe7 22. Ra1 Qc5 23. Qf6 Rd6 24. Qd4 Qxd4 25. cxd4 Rg8 26. Rh3 Rdg6 27. Kf2
Bf5 28. Rh5 Be4 29. Rh3 Rf6+ 30. Kg1 Rgg6 31. Be2 Rb6 32. Bh5 Rgf6 33. Rh4 Rb3
34. Rf4 Rxf4 35. gxf4 f5 36. Kf2 Rb2+ 37. Be2 Bxg2 38. Kxg2 Rxe2+ 39. Kf3 Rb2
40. Rh1 Rb6 41. Rh5 Rf6 42. a4 a6 43. Ke2 b5 44. axb5 axb5 45. Kd3 Kb7 46. Kc3
Kb6 47. Kb4 Re6 48. Rxf5 Rxe3 49. Rf6+ Kb7 50. Rxh6 Re4 51. Kxb5 Rxf4 52. Kc5
Rf5 53. Rh7 Rg5 54. Rd7 {Game drawn by mutual agreement} 1/2-1/2

[Event "Team 45 45 League T51"]
[Site "Internet Chess Club"]
[Date "2011.11.13"]
[Round "1"]
[White "WannaB"]
[Black "joshq03"]
[Result "0-1"]
[WhiteElo "1094"]
[BlackElo "1271"]
[Opening "Sicilian: Grand Prix attack"]
[ECO "B23"]
[Time "20:00:29"]
[TimeControl "2700+45"]

1. e4 c5 2. Nc3 Nc6 3. f4 g6 4. Nf3 Bg7 5. Bc4 d6 6. Ng5 e6 7. O-O a6 8. Qe1 b5
9. Bd3 c4 10. Be2 Nd4 11. Bd1 Qb6 12. Nf3 Nxc2+ 13. Qf2 Qxf2+ 14. Kxf2 Nxa1 15.
e5 dxe5 16. fxe5 f6 17. exf6 Nxf6 18. Be2 O-O 19. d3 Nc2 20. dxc4 Ng4+ 21. Kg1
b4 22. Ne4 Nge3 23. Bxe3 Nxe3 24. Rb1 Bb7 25. Ned2 Rad8 26. b3 Rf4 27. c5 Rg4
28. Ne1 Rg5 29. Bf3 Bxf3 30. Nexf3 Rxg2+ 31. Kh1 Bc3 32. Ne4 Rc2 33. Nxc3 bxc3
34. Ne1 Rxa2 35. Nd3 Rxd3 {White resigns} 0-1

[Event "Team 45 45 League T51"]
[Site "Internet Chess Club"]
[Date "2011.11.10"]
[Round "1"]
[White "mattphelps"]
[Black "PsyMar"]
[Result "1/2-1/2"]
[WhiteElo "1323"]
[BlackElo "1352"]
[Opening "Alekhine's defense: exchange variation"]
[ECO "B03"]
[Time "15:00:31"]
[TimeControl "2700+45"]

1. e4 Nf6 2. e5 Nd5 3. d4 d6 4. c4 Nb6 5. exd6 cxd6 6. Nf3 Nc6 7. Be2 Bg4 8. b3
g6 9. Bb2 Bg7 10. Nbd2 d5 11. h3 Bxf3 12. Nxf3 O-O 13. O-O Rc8 14. Rc1 e6 15.
cxd5 Nxd5 16. Bb5 Qb6 17. Bxc6 Rxc6 18. Rxc6 bxc6 19. Ne5 Rd8 20. Qf3 Qc7 21.
Rc1 Bxe5 22. dxe5 Rc8 23. Re1 Qa5 24. Ra1 Nb6 25. a4 Nd7 26. Qc3 Qxc3 27. Bxc3
Kg7 28. Rd1 Rc7 29. Bd4 c5 30. Rc1 Rb7 31. Bxc5 Nxc5 32. Rxc5 Rxb3 33. Rc7 Rb1+
34. Kh2 Re1 35. Rxa7 Rxe5 36. a5 Re2 37. f3 Ra2 38. Kg3 g5 39. Ra8 h5 40. h4
gxh4+ 41. Kxh4 Rxg2 42. Kxh5 Kf6 43. f4 Kf5 44. Kh6 Ra2 45. Kg7 Kxf4 46. Kxf7 e5
47. Ke6 e4 48. Kd5 Rd2+ 49. Kc6 e3 50. Rb8 Rc2+ 51. Kb7 Kf3 52. a6 Rb2+ 53. Ka8
Rxb8+ 54. Kxb8 e2 55. a7 e1=Q 56. a8=Q+ Qe4 57. Qxe4+ Kxe4 {Game drawn because
neither player has mating material} 1/2-1/2

[Event "Team 45 45 League T51"]
[Site "Internet Chess Club"]
[Date "2011.11.13"]
[Round "1"]
[White "Skylab"]
[Black "kingsrook"]
[Result "1/2-1/2"]
[WhiteElo "1344"]
[BlackElo "1318"]
[Opening "QGD Slav defense"]
[ECO "D10"]
[Time "17:00:19"]
[TimeControl "2700+45"]

1. d4 d5 2. c4 c6 3. e3 g6 4. cxd5 cxd5 5. Qa4+ Bd7 6. Bb5 Nc6 7. Nf3 a6 8. Bxc6
Bxc6 9. Qd1 Bg7 10. O-O Nf6 11. Nc3 e6 12. Ne5 Qc7 13. Bd2 O-O 14. Rc1 Qb6 15.
Rb1 Rac8 16. Re1 Qc7 17. Rc1 Ne4 18. Nxc6 Nxd2 19. Qxd2 bxc6 20. e4 Qb6 21. Rcd1
Qa5 22. exd5 cxd5 23. Qe3 Qb4 24. Rd2 Rc4 25. Red1 Rfc8 26. a3 Qb3 27. Qe2 Qb6
28. Qe3 Qb3 29. Qe2 Qb6 30. Qe3 Qb3 31. Qe2 Qb6 {Game drawn by repetition}
1/2-1/2

[Event "Team 45 45 League T51"]
[Site "Internet Chess Club"]
[Date "2011.11.10"]
[Round "1"]
[White "KidRattler"]
[Black "tcianciola"]
[Result "1-0"]
[WhiteElo "1226"]
[BlackElo "1219"]
[Opening "English: Bremen, Smyslov system"]
[ECO "A22"]
[Time "09:49:19"]
[TimeControl "2700+45"]

1. c4 e5 2. Nc3 Nf6 3. g3 Bb4 4. Bg2 O-O 5. Qb3 Nc6 6. Bxc6 dxc6 7. Qxb4 b6 8.
h3 Bb7 9. Qb3 Re8 10. Qc2 c5 11. e4 Qd4 12. d3 a6 13. Nf3 Qd7 14. Be3 Qd6 15.
Nh4 g6 16. Qd2 b5 17. cxb5 axb5 18. Nxb5 Qc6 19. Nc3 Rad8 20. Qc2 Ba6 21. O-O-O
Rd7 22. Qa4 Qe6 23. Bxc5 Red8 24. d4 exd4 25. Rxd4 Rxd4 26. Bxd4 Nxe4 27. Re1
Bb7 28. Nxe4 Bxe4 29. f3 Ra8 30. Qxa8+ {Black resigns} 1-0

[Event "Team 45 45 League T51"]
[Site "Internet Chess Club"]
[Date "2011.11.13"]
[Round "1"]
[White "sere"]
[Black "kjs110"]
[Result "1-0"]
[WhiteElo "1228"]
[BlackElo "1049"]
[Opening "Pirc: classical (two knights) system"]
[ECO "B06"]
[Time "11:00:16"]
[TimeControl "2700+45"]

1. e4 g6 2. d4 Bg7 3. Nf3 Nf6 4. Nc3 d6 5. Bc4 O-O 6. O-O e5 7. dxe5 dxe5 8. Be3
Qxd1 9. Raxd1 Nc6 10. Ng5 Bg4 11. Rd2 Nd8 12. Bc5 Re8 13. Rxd8 Raxd8 14. Bxf7+
Kh8 15. Bxe8 Nxe8 16. Nf7+ Kg8 17. Nxd8 b6 18. Be3 c5 19. h3 Bf5 20. exf5 {Black
resigns} 1-0

[Event "Team 45 45 League T51"]
[Site "Internet Chess Club"]
[Date "2011.11.10"]
[Round "1"]
[White "LazyPeon"]
[Black "room-matt"]
[Result "1-0"]
[WhiteElo "1689"]
[BlackElo "1666"]
[Opening "QGA: 3.e4"]
[ECO "D20"]
[Time "15:00:58"]
[TimeControl "2700+45"]

1. d4 d5 2. c4 dxc4 3. e4 e5 4. Nf3 exd4 5. Bxc4 Nc6 6. O-O Be6 7. Bb5 Bc5 8.
Bxc6+ bxc6 9. Qc2 Qd6 10. Bg5 Bb6 11. Nbd2 f6 12. Bf4 Qd7 13. Nb3 g5 14. Bg3 h5
15. h4 gxh4 16. Bxh4 O-O-O 17. Rac1 Bxb3 18. Qxb3 Re8 19. Rfe1 Ba5 20. Red1 Bb6
21. Qc2 Re6 22. Bg3 Nh6 23. b4 Nf7 24. a4 h4 25. Bxh4 Ne5 26. Nxe5 fxe5 27. g3
Rg6 28. Kh2 Qg4 29. Kg2 Rxh4 30. Rh1 Rgh6 31. Rxh4 Rxh4 32. Qxc6 Qh3+ 33. Kf3
Rf4+ 34. Ke2 Qg4+ 35. Kf1 Qh3+ 36. Kg1 Qg4 37. Qe8+ Kb7 38. Qc6+ Kc8 39. Qe8+
Kb7 40. a5 Rxe4 41. Qc6+ Kb8 42. axb6 cxb6 43. Qc7+ Ka8 44. Qd8+ Kb7 45. b5
{Black resigns} 1-0

[Event "Team 45 45 League T51"]
[Site "Internet Chess Club"]
[Date "2011.11.10"]
[Round "1"]
[White "gandre"]
[Black "ticopatzer"]
[Result "0-1"]
[WhiteElo "1755"]
[BlackElo "1675"]
[Opening "Queen's pawn: London system"]
[ECO "A45"]
[Time "20:03:38"]
[TimeControl "2700+45"]

1. d4 Nf6 2. Bf4 d6 3. Nf3 g6 4. e3 Bg7 5. h3 O-O 6. Be2 Nbd7 7. O-O c5 8. c3
Qb6 9. Qb3 Qxb3 10. axb3 cxd4 11. exd4 b6 12. Ba6 Nd5 13. Bh2 N7f6 14. Bxc8
Rfxc8 15. Re1 Kf8 16. Nbd2 a5 17. Nc4 Nh5 18. Ng5 h6 19. Ne4 f5 20. Ng3 Nhf6 21.
Re6 Kf7 22. Rae1 a4 23. Na3 Ne4 24. R6xe4 fxe4 25. Nxe4 axb3 26. Bxd6 exd6 27.
Nxd6+ Kf8 28. Nxc8 Rxc8 29. Re6 Kf7 30. Rd6 Nxc3 31. Rxb6 Bxd4 32. Rxb3 Ne4 33.
Kf1 Rc1+ 34. Ke2 Nxf2 35. Rf3+ Ke6 36. b3 Ra1 37. Nc4 Ra2+ 38. Kf1 Ra1+ 39. Ke2
Ra2+ 40. Kf1 Ne4 41. Rd3 Rf2+ 42. Ke1 Bc5 43. Ne3 Bb4+ 44. Kd1 Ra2 45. Nd5 Nf2+
46. Kc1 Nxd3+ 47. Kb1 Rb2+ {White resigns} 0-1

[Event "Team 45 45 League T51"]
[Site "Internet Chess Club"]
[Date "2011.11.19"]
[Round "1"]
[White "vigneshv"]
[Black "chrisgianno"]
[Result "0-1"]
[WhiteElo "1591"]
[BlackElo "1596"]
[Opening "Dutch"]
[ECO "A80"]
[Time "16:05:46"]
[TimeControl "2700+45"]

1. d4 f5 2. e3 Nf6 3. Nc3 e6 4. Nf3 Be7 5. Bd2 b6 6. Bd3 Bb7 7. Qe2 c5 8. e4
cxd4 9. Nxd4 fxe4 10. Nxe4 Nc6 11. Nxf6+ Bxf6 12. Nf5 O-O 13. Ne3 Bxb2 14. Rb1
Ba3 15. Qh5 h6 16. Qg6 Qf6 17. Qh7+ Kf7 18. Ng4 Qd4 19. Nxh6+ Ke8 20. Qg6+ Kd8
21. Qg5+ Be7 22. Qg3 gxh6 23. Bxh6 Bh4 24. Bg5+ Bxg5 25. Qxg5+ Qf6 26. Qd2 Ne5
27. Bb5 Bxg2 28. Rg1 Nf3+ {White resigns} 0-1